 Dungeon Crawl Stone Soup version 0.28.0-45-g0d030f2227 (webtiles) character file.

Game seed: 14867400647935777937

1962 Labrat the Magician (level 8, -5/68 HPs)
             Began as a Demigod Conjurer on Apr 15, 2022.
             Shot with a bolt by an orc (7 damage)
             ... in a bailey.
             The game lasted 00:15:20 (7022 turns).

Labrat the Magician (Demigod Conjurer)              Turns: 7022, Time: 00:15:20

Health: -5/68      AC:  6    Str:  8    XL:     8   Next: 67%
Magic:  9/20       EV: 13    Int: 31    God:
Gold:   263        SH:  0    Dex: 12    Spells: 12/19 levels left

rFire   . . .      SeeInvis .   r - +8 rapier of the Present {pain, *Rage rElec Int+3}
rCold   . . .      Faith    .   (no shield)
rNeg    . . .      Spirit   .   v - +0 steam dragon scales
rPois   .          Reflect  .   s - +1 hat
rElec   +          Harm     .   (no cloak)
rCorr   .          Rampage  .   (no gloves)
Will    .....      Rage     20% (no boots)
Stlth   ++........              (no amulet)
HPRegen 0.21/turn               (no ring)
MPRegen 0.17/turn               (no ring)

@: no status effects
A: high MP 1, forlorn, divine attributes
a: no special abilities


You were in a bailey.
You visited 1 branch of the dungeon, and saw 7 of its levels.
You also visited: Bailey.

You collected 263 gold pieces.

Inventory:

Hand Weapons
 r - the +8 rapier of the Present (weapon) {pain, *Rage rElec Int+3}
   (You found it on level 5 of the Dungeon)

   In the hands of one skilled in necromantic magic, it inflicts extra damage on
   living creatures.
   Int:       It affects your intelligence (+3).
   rElec:     It insulates you from electricity.
   *Rage:     It berserks you when you make melee attacks (+20% chance).
Missiles
 c - a throwing net
 k - 28 poisoned darts
 m - 4 boomerangs of dispersal
Armour
 p - +0 acid dragon scales
 s - a +1 hat (worn)
 v - +0 steam dragon scales (worn)
Magical Staves
 o - a staff of earth
Jewellery
 n - a ring of positive energy
Wands
 l - a wand of polymorph (7)
 t - a wand of charming (8)
Scrolls
 b - 2 scrolls of holy word {unknown}
 d - 3 scrolls of blinking {unknown}
 e - a scroll of teleportation {unknown}
 g - 6 scrolls of identify {unknown}
 h - a scroll of vulnerability {unknown}
 i - 3 scrolls of magic mapping {unknown}
 j - a scroll of noise {unknown}
 q - a scroll of fog {unknown}
 u - a scroll of torment {unknown}
Potions
 f - 7 potions of curing {unknown}


   Skills:
 - Level 5.0 Fighting
 - Level 5.0 Dodging
 - Level 1.7 Stealth
 + Level 6.0 Spellcasting
 + Level 5.6 Conjurations
 + Level 2.3 Translocations


You had 12 spell levels left.
You knew the following spells:

 Your Spells              Type           Power      Damage    Failure   Level
a - Magic Dart            Conj           100%       1d8       1%          1
b - Searing Ray           Conj           88%        2d7       1%          2
c - Iskenderun's Mystic   Conj/Tloc      34%        2d8       10%         4

Your spell library contained the following spells:

 Spells                   Type           Power      Damage    Failure   Level
 Dazzling Flash           Conj/Hex       52%        N/A       4%          3
 Corpse Rot               Necr/Air       18%        N/A       8%          2
 Poisonous Vapours        Pois/Air       18%        N/A       8%          2
 Fulminant Prism          Conj/Hex       13%        3d9       16%         4


Dungeon Overview and Level Annotations

Branches:
Dungeon (7/15)             Temple (0/1) D:6          Bailey (1/1)

Shops:
D:4 *

Annotations:
D:4 Edmund
D:6 dig to book


Innate Abilities, Weirdness & Mutations

You have an increased reservoir of magic. (+10% MP)
You shall have no god before yourself.
Your divine heritage dramatically boosts your attributes as you level up.


Message History

Unknown command.
The searing ray hits the orc warrior!
The orc warrior is almost dead.
The orc shoots a bolt.
The bolt hits you.
* * * LOW HITPOINT WARNING * * *
The orc shoots a bolt.
The bolt misses you.
Unknown command.
The searing ray hits the orc warrior.
You kill the orc warrior!
You finish channelling your searing ray.
The orc shoots a bolt.
The bolt closely misses you.
Your Spellcasting skill increases to level 6!
Unknown command.
Casting: Searing Ray (safe; 1% risk of failure)
Confirm with . or Enter, or press ? or * to list all spells.
Aiming: Magic Dart (safe; 1% risk of failure)
Press: ? - help, Shift-Dir - straight line, f - orc
Aim: an orc, wielding a +0 arbalest, wearing a +0 ring mail and quivering bolts (100% to hit)
The magic dart hits the orc.
The orc is moderately wounded.
The orc shoots a bolt.
The bolt misses you.
Casting: Magic Dart (safe; 1% risk of failure)
Confirm with . or Enter, or press ? or * to list all spells.
Aiming: Magic Dart (safe; 1% risk of failure)
Press: ? - help, Shift-Dir - straight line, f/p - orc
Aim: an orc, wielding a +0 arbalest, wearing a +0 ring mail and quivering bolts (moderately wounded, 100% to hit)
The magic dart hits the orc.
The orc is heavily wounded.
The orc shoots a bolt.
The bolt barely misses you.
Casting: Magic Dart (safe; 1% risk of failure)
Confirm with . or Enter, or press ? or * to list all spells.
Aiming: Magic Dart (safe; 1% risk of failure)
Press: ? - help, Shift-Dir - straight line, f/p - orc
Aim: an orc, wielding a +0 arbalest, wearing a +0 ring mail and quivering bolts (heavily wounded, 100% to hit)
The magic dart hits the orc.
The orc is almost dead.
The orc shoots a bolt.
The bolt hits you!
* * * LOW HITPOINT WARNING * * *
The orc shoots a bolt.
The bolt hits you!
You die...

#################
...............∩#
..............∩.#
................#
.........@......#
.....≈≈≈≈≈......#
....≈≈###≈≈.....#
....≈##.##≈)....#
..... ...#≈.o...#
.... #∩.##≈o....#
... ##.#≈≈.....#
#.. ≈.≈≈......#
..........#


You could see 2 orcs.

Vanquished Creatures
  Grinder (D:4)
  Sigmund (D:4)
  A steam dragon (D:6)
  An acid dragon (D:5)
  A water moccasin (D:5)
  An orc warrior (Bailey)
  2 sky beasts (D:5)
  A black bear (D:6)
  An ogre (D:6)
  A centaur (D:4)
  A phantom (D:5)
  A kobold brigand (D:7)
  A scorpion (D:4)
  A bullfrog (D:6)
  A wyvern skeleton (D:5)
  2 hounds
  3 jellies
  A centaur skeleton (D:4)
  2 iguanas (D:5)
  A hound zombie (D:5)
  A howler monkey skeleton (D:5)
  10 adders
  A white imp (D:7)
  An ufetubus (D:6)
  2 adder skeletons
  A worm (D:4)
  2 dart slugs (D:1)
  3 orcs
  7 endoplasms
  A giant cockroach (D:4)
  6 goblins
  4 hobgoblins
  5 quokkas
  11 ball pythons
  3 bats
  A frilled lizard (D:2)
  15 kobolds
  3 rats
102 creatures vanquished.

Vanquished Creatures (others)
  2 plants (D:1)
2 creatures vanquished.

Grand Total: 104 creatures vanquished

Notes
Turn   | Place    | Note
-------+----------+-------------------------------------------
     0 | D:1      | Labrat the Demigod Conjurer began the quest for the Orb.
     0 | D:1      | Reached XP level 1. HP: 14/14 MP: 5/5
   108 | D:1      | Reached skill level 2 in Spellcasting
   203 | D:1      | Reached XP level 2. HP: 20/20 MP: 3/7
   250 | D:1      | Learned a level 2 spell: Searing Ray
  1445 | D:2      | Reached XP level 3. HP: 26/26 MP: 3/9
  2422 | D:3      | Reached skill level 3 in Spellcasting
  2438 | D:3      | Reached XP level 4. HP: 33/33 MP: 9/11
  2585 | D:3      | You fall into a shaft and drop 1 floor!
  2713 | D:4      | Noticed Edmund
  2872 | D:4      | Noticed a centaur
  2898 | D:4      | Killed a centaur
  2899 | D:4      | Reached XP level 5. HP: 29/38 MP: 3/13
  2900 | D:4      | Reached skill level 5 in Conjurations
  3016 | D:4      | Reached skill level 4 in Spellcasting
  3404 | D:4      | Found Evulih's Overcharged Wands.
  3855 | D:4      | Noticed Grinder
  3855 | D:4      | Noticed Sigmund
  3865 | D:4      | Killed Sigmund
  3866 | D:4      | Reached skill level 5 in Spellcasting
  3866 | D:4      | Reached skill level 1 in Fighting
  3866 | D:4      | Reached XP level 6. HP: 41/47 MP: 7/16
  3868 | D:4      | Killed Grinder
  3869 | D:4      | Reached XP level 7. HP: 51/58 MP: 3/17
  4449 | D:5      | Entered Level 5 of the Dungeon
  4671 | D:5      | Identified the +8 rapier of the Present {pain, *Rage rElec
                  | Int+3}
  4759 | D:5      | Reached skill level 5 in Fighting
  5058 | D:5      | Reached XP level 8. HP: 27/68 MP: 4/19
  5841 | D:6      | Reached skill level 5 in Dodging
  5846 | D:6      | Learned a level 4 spell: Iskenderun's Mystic Blast
  6062 | D:6      | Reached skill level 1 in Translocations
  6104 | D:6      | Found a staircase to the Ecumenical Temple.
  6977 | D:7      | Found a flagged portal.
  6996 | Bailey   | Entered a bailey
  7020 | Bailey   | Reached skill level 6 in Spellcasting
  7022 | Bailey   | HP: 2/68 [orc/bolt (13)]
  7022 | Bailey   | Shot with a bolt by an orc

Illustrated notes

Levels and vault maps discovered:
D:1:      lightli_arrival_boilingwater, layout_basic,
          dreamdust_ecumenical_altar_grove, minmay_hedge_maze,
          kennysheep_crisscross
D:2:      layout_loops_corners
D:3:      layout_rooms, chequers_temple_overflow_statue_of_worship
D:4:      layout_layer_cave, mainiacjoe_overflow_tiny_flanked,
          mainiacjoe_overflow_24_doors, fedhas_altar_1,
          chequers_serial_rivers_small_3, minivault_25,
          nicolae_shop_overcharged_wands, uniq_grinder, uniq_sigmund,
          uniq_edmund
D:5:      layout_cave_pools, marbit_many_paths
D:6:      cheibrodos_quashed, layout_loops_ring,
          nicolae_sif_muna_little_library, minmay_temple_entry_glass,
          grunt_ministairs_15
D:7:      layout_basic, bloody_trog, enter_bailey_2, uniq_duvessa
Bailey:   bailey_polearm_2, bailey

Skill      XL: |  1  2  3  4  5  6  7  8 |
---------------+-------------------------+-----
Spellcasting   | 2 3 5 6 |  6.0
Conjurations   | 4 5 |  5.6
Fighting       | 1 3 5 |  5.0
Dodging        | 4 5 |  5.0
Translocations | 2 |  2.3
Stealth        | |  1.7

Action                   |  1- 3 |  4- 6 |  7- 9 || total
-------------------------+-------+-------+-------++-------
Melee: Unarmed           |     3 |       |       ||     3
       Scythe            |       |       |    10 ||    10
       Rapier            |       |       |     1 ||     1
 Cast: Magic Dart        |    66 |    25 |    58 ||   149
       Searing Ray       |     6 |     8 |    29 ||    43
Armor: Robe              |       |     5 |     5 ||    10
       Steam dragon scal |       |       |     5 ||     5
Dodge: Dodged            |     9 |    23 |    48 ||    80
